 Dungeon Crawl Stone Soup version 0.26-a0-800-g517d6fe (webtiles) character file.

Game seed: 8607198940230468368

18158 MrTaco21 the Peltast (level 12, -20/64 HPs)
             Began as a Gargoyle Fighter on Nov 11, 2020.
             Was the Champion of Okawaru.
             Killed from afar by a molten gargoyle (28 damage)
             ... with a bolt of magma
             ... on level 14 of the Dungeon.
             The game lasted 00:26:58 (18037 turns).

MrTaco21 the Peltast (Gargoyle Fighter)            Turns: 18037, Time: 00:26:58

Health: -20/64     AC: 30    Str: 24    XL:     12   Next: 55%
Magic:  12/12      EV:  8    Int: 10    God:    Okawaru [******]
Gold:   692        SH: 14    Dex:  9    Spells: 11/11 levels left

rFire    . . .     SeeInvis .   H - +2 morningstar
rCold    + . .     Faith    .   b - +0 kite shield
rNeg     + . .     Spirit   .   f - +4 chain mail
rPois    ∞         Reflect  .   I - +2 helmet
rElec    +         Harm     .   y - +0 cloak
rCorr    .         Rampage  .   C - +0 pair of gloves
MR       .....                  F - +2 pair of boots "Saomov" {rC+}
Stlth    ..........             (no amulet)
HPRegen  0.20/turn              (no ring)
MPRegen  0.13/turn              (no ring)

@: lightly drained
A: negative energy resistance 1, electricity resistance, unbreathing,
petrification resistance, rot immunity, AC +8
a: Heroism, Finesse, Renounce Religion


You were on level 14 of the Dungeon.
You worshipped Okawaru.
Okawaru was exalted by your worship.
You visited 2 branches of the dungeon, and saw 14 of its levels.

You collected 948 gold pieces.
You spent 256 gold pieces at shops.

Inventory:

Hand Weapons
 H - a +2 morningstar (weapon)
   (You took it off a wight on level 9 of the Dungeon)
Missiles
 n - 56 poisoned darts (quivered)
Armour
 b - a +0 kite shield (worn)
 f - a +4 chain mail (worn)
   (You took it off an orc warrior in the Ecumenical Temple)
 y - a +0 cloak (worn)
   (You took it off Crazy Yiuf on level 2 of the Dungeon)
 C - a +0 pair of gloves (worn)
   (You found it on level 7 of the Dungeon)
 F - the +2 pair of boots "Saomov" (worn) {rC+}
   (Okawaru gifted it to you on level 13 of the Dungeon)

   It protects you from cold.
 I - a +2 helmet (worn)
   (You found it on level 13 of the Dungeon)
Wands
 c - a wand of disintegration (10)
   (You found it on level 10 of the Dungeon)
 t - a wand of flame (70)
   (You took it off Robin on level 3 of the Dungeon)
 z - a wand of polymorph (46)
   (You took it off an orc on level 4 of the Dungeon)
Scrolls
 a - a scroll of torment {unknown}
 e - 4 scrolls of fog
 g - 4 scrolls of blinking
 j - 3 scrolls of immolation {!r}
 m - 3 scrolls of teleportation {@r4}
 p - 7 scrolls of remove curse {@r2}
 q - 3 scrolls of fear
 r - 3 scrolls of enchant weapon {unknown}
 v - 2 scrolls of enchant armour {unknown}
 x - a scroll of amnesia {unknown}
 A - a scroll of magic mapping {unknown}
 B - a scroll of silence {unknown}
 E - a scroll of identify {@r1}
Potions
 d - a potion of might
 h - 5 potions of attraction {!q}
 i - 4 potions of degeneration {unknown}
 k - a potion of berserk rage {unknown}
 l - 3 potions of haste {@q3}
 o - a potion of brilliance {unknown}
 s - 2 potions of mutation {unknown}
 u - a potion of invisibility {unknown}
 w - 3 potions of heal wounds {unknown}
 D - a potion of ambrosia {unknown}
 G - 2 potions of curing {unknown}


   Skills:
 - Level 3.2(3.1) Fighting
 + Level 14.2(14.0) Maces & Flails
 - Level 3.2(3.1) Armour
 - Level 15.0(14.7) Shields


You had 11 spell levels left.
You didn't know any spells.
Your spell library contained the following spells:

 Spells                   Type           Power        Failure   Level
 Corona                   Hex            #......      96%         1
 Ensorcelled Hibernation  Hex/Ice        #.....       99%         2
 Confusing Touch          Hex            #.......     100%        3
 Dazzling Flash           Conj/Hex       #.....       100%        3
 Tukima's Dance           Hex            #.......     100%        3


Dungeon Overview and Level Annotations

Branches:
Dungeon (14/15)            Temple (1/1) D:6            Lair (0/6) D:10
    Orc: D:9-12      Vaults: D:13-14

Altars:
Ashenzari
Cheibriados
Dithmenos
Elyvilon
Fedhas
Gozag
Hepliaklqana
Kikubaaqudgha
Makhleb
Nemelex Xobeh
Okawaru
Qazlal
Ru
Sif Muna
Trog
Uskayaw
Vehumet
Wu Jian
Xom
Yredelemnul
Zin
The Shining One

Shops:
D:4 }!}   D:5 !   D:6 *


Innate Abilities, Weirdness & Mutations

You are resistant to torment.
Your stone body is resilient. (AC +8)
You are immune to poison.
You resist negative energy. (rN+)
You are resistant to electric shocks. (rElec)
You can survive without breathing.
You are immune to petrification.
You are immune to rotting.


Message History

There is a stone staircase leading up here.
You climb upwards.
The hell rat roars deafeningly!
You block the redback's attack. The redback barely misses you.
There is a stone staircase leading down here.
You see here 8 javelins.
The redback bites you.
You climb downwards.
There is a stone staircase leading up here.
You climb upwards.
The redback bites you but does no damage.
You block the redback's attack. x2
There is a stone staircase leading down here.
You see here 8 javelins.
The redback bites you but does no damage.
You block the hell rat's attack.
You climb downwards.
There is a stone staircase leading up here.
You start resting.
You climb upwards.
The redback bites you but does no damage.
You block the redback's attack. x2
There is a stone staircase leading down here.
You see here 8 javelins.
The redback bites you but does no damage.
You block the redback's attack.
You climb downwards.
There is a stone staircase leading up here.
Items here: ))) [[[. 2 molten gargoyles come into view.
The molten gargoyle moves out of view.
An ogre comes into view. It is wielding a +0 giant club.
The ogre shouts!
You hear an angry hiss.
The molten gargoyle blasts magma at you!
The bolt of magma hits you but does no damage.
The molten gargoyle blasts magma at you!
The bolt of magma hits you!!
You closely miss the molten gargoyle.
The molten gargoyle hits you but does no damage.
You hit the molten gargoyle. You hit the molten gargoyle.
The molten gargoyle hits you with a +0 dire flail.
You are engulfed in flames!
* * * LOW HITPOINT WARNING * * *
The molten gargoyle blasts magma at you!
The bolt of magma hits you!!
* * * LOW HITPOINT WARNING * * *
The molten gargoyle blasts magma at you!
The bolt of magma hits you!!
You die...

#.#.#.#.#
######9.......
#....O..#####'
#9####### #O# #9# #.#
#### #.# ...# #@# ##[#
#.# #.# #.# #.# #.# #.#
#.# #.# #.#######
#.#############........
#......................
#######################


You could see 2 molten gargoyles and an ogre.

Vanquished Creatures
  Josephine (D:10)
  A hydra (D:13)
  Erica (D:10)
  3 two-headed ogres
  A tengu warrior (D:13)
  2 unseen horrors (D:10)
  The ghost of hair the Ruffian, a novice DrTm (D:6)
  2 trolls
  Prince Ribbit (D:7)
  Sigmund (D:5)
  2 shadows (D:11)
  6 wraiths
  16 yaks
  A steam dragon (D:10)
  2 vampire mosquitoes (D:13)
  2 insubstantial wisps (D:10)
  2 wargs (D:10)
  A water moccasin (D:9)
  6 orc warriors
  An ice beast (D:5)
  5 sky beasts
  A phantom (D:6)
  A black bear (shapeshifter) (D:14)
  An eye of draining (D:9)
  A necrophage (D:13)
  5 ogres
  A centaur (D:9)
  11 big kobolds
  2 elf zombies (D:5)
  2 wyvern zombies
  10 bullfrogs
  5 elf skeletons (D:5)
  2 scorpions
  3 killer bees (D:7)
  A water moccasin skeleton (D:5)
  19 wights
  2 howler monkeys (D:8)
  7 hounds
  4 jellies
  2 centaur skeletons
  2 centaur zombies
  8 orc priests
  Crazy Yiuf (D:2)
  10 orc wizards
  A bullfrog skeleton (D:8)
  Ijyb (D:5)
  A human skeleton (D:5)
  3 iguanas
  7 worker ants
  A hound zombie (D:8)
  3 hound skeletons
  Robin (D:3)
  A howler monkey zombie (D:10)
  A worker ant zombie (D:5)
  2 howler monkey skeletons
  12 adders
  3 shadow imps
  2 white imps
  An ufetubus (D:10)
  2 oozes
  2 adder skeletons
  An adder zombie (D:7)
  3 worms
  2 dart slugs
  5 leopard geckos
  60 orcs
  8 giant cockroaches
  13 goblins
  6 hobgoblins
  8 jackals
  39 kobolds
  4 quokkas
  2 ball pythons (D:3)
  8 bats
  5 frilled lizards
  2 orc skeletons (D:5)
  An orc zombie (D:5)
  A quokka skeleton (D:5)
  A quokka zombie (D:10)
  6 rats
378 creatures vanquished.

Vanquished Creatures (others)
  A fungus (D:6)
  74 plants
75 creatures vanquished.

Grand Total: 453 creatures vanquished

Notes
Turn   | Place    | Note
-------+----------+-------------------------------------------
     0 | D:1      | MrTaco21 the Gargoyle Fighter began the quest for the Orb.
     0 | D:1      | Reached XP level 1. HP: 14/14 MP: 1/1
   230 | D:1      | Reached XP level 2. HP: 19/19 MP: 2/2
   741 | D:1      | Reached XP level 3. HP: 23/23 MP: 3/3
  1438 | D:2      | Found a hide-covered altar of Uskayaw.
  1558 | D:2      | Found a runed translucent door.
  1559 | D:2      | Noticed Crazy Yiuf
  1644 | D:2      | Reached XP level 4. HP: 23/28 MP: 4/4
  1851 | D:2      | Killed Crazy Yiuf
  2165 | D:3      | Reached skill level 5 in Maces & Flails
  2165 | D:3      | Reached XP level 5. HP: 26/32 MP: 5/5
  2832 | D:3      | Reached XP level 6. HP: 8/37 MP: 6/6
  3245 | D:3      | Noticed Robin
  3267 | D:3      | Killed Robin
  3425 | D:3      | Found a shadowy altar of Dithmenos.
  3576 | D:4      | Found a snail-covered altar of Cheibriados.
  3640 | D:4      | Found Fotsum's Gadget Emporium.
  3640 | D:4      | Found Gimayj's Distillery.
  3808 | D:4      | Found Moots's Gadget Shoppe.
  4061 | D:4      | Found a broken altar of Ashenzari.
  4201 | D:4      | Found a blossoming altar of Fedhas.
  4203 | D:4      | Found an ancient bone altar of Kikubaaqudgha.
  4302 | D:5      | Entered Level 5 of the Dungeon
  4340 | D:5      | Noticed Sigmund
  4372 | D:5      | Killed Sigmund
  4372 | D:5      | Reached XP level 7. HP: 17/41 MP: 7/7
  4591 | D:5      | Found Oguaduabo's Distillery.
  4771 | D:5      | Reached XP level 8. HP: 27/46 MP: 8/8
  5135 | D:5      | Found a white marble altar of Elyvilon.
  5580 | D:5      | Found a basalt altar of Yredelemnul.
  5755 | D:5      | Reached skill level 10 in Maces & Flails
  6210 | D:5      | Found a snail-covered altar of Cheibriados.
  6266 | D:5      | Noticed Ijyb
  7069 | D:5      | Killed Ijyb
  7619 | D:6      | Found an ornate altar of the Wu Jian Council.
  7627 | D:6      | Found a staircase to the Ecumenical Temple.
  7636 | Temple   | Entered the Ecumenical Temple
  7644 | Temple   | Reached XP level 9. HP: 32/51 MP: 9/9
  8009 | Temple   | Became a worshipper of Warmaster Okawaru
  8385 | D:6      | Found Zidoulao's Assorted Antiques.
  8391 | D:6      | Bought a runed scarf for 256 gold pieces
  8622 | D:6      | Found a runed translucent gate.
  8626 | D:6      | Found a runed translucent gate.
  8626 | D:6      | Found a runed translucent gate.
  8626 | D:6      | Noticed hair's ghost (novice DrTm)
  9377 | D:6      | Reached skill level 4 in Shields
  9414 | D:6      | Reached * piety under Okawaru
  9414 | D:6      | Reached skill level 5 in Shields
  9543 | D:6      | Killed hair's ghost
  9543 | D:6      | Reached ** piety under Okawaru
  9543 | D:6      | Reached skill level 7 in Shields
 10115 | D:7      | Found a radiant altar of Vehumet.
 10118 | D:7      | Noticed a troll
 10156 | D:7      | Reached XP level 10. HP: 48/56 MP: 10/10
 10185 | D:7      | Reached skill level 8 in Shields
 10523 | D:7      | Reached skill level 9 in Shields
 10545 | D:7      | Noticed Prince Ribbit
 10592 | D:7      | Reached *** piety under Okawaru
 10908 | D:7      | Reached skill level 10 in Shields
 11635 | D:7      | Killed Prince Ribbit
 11685 | D:7      | Reached skill level 11 in Shields
 11694 | D:7      | Found a bloodstained altar of Trog.
 11746 | D:8      | Found a shimmering altar of Xom.
 11862 | D:8      | Reached **** piety under Okawaru
 12031 | D:8      | Noticed an angel
 12034 | D:8      | Found a glowing silver altar of Zin.
 12249 | D:8      | Found a sacrificial altar of Ru.
 12605 | D:9      | Found a sparkling altar of Nemelex Xobeh.
 12765 | D:9      | Reached skill level 12 in Shields
 12780 | D:9      | Found a sparkling altar of Nemelex Xobeh.
 12836 | D:9      | Reached XP level 11. HP: 60/60 MP: 11/11
 12843 | D:9      | Noticed a two-headed ogre
 13655 | D:9      | Reached skill level 13 in Shields
 13692 | D:9      | Reached ***** piety under Okawaru
 14178 | D:10     | Entered Level 10 of the Dungeon
 14678 | D:10     | Noticed a two-headed ogre
 14703 | D:10     | Killed a two-headed ogre
 14763 | D:10     | Found a staircase to the Lair.
 14772 | D:10     | Reached skill level 14 in Shields
 14779 | D:10     | Killed an unseen horror
 14963 | D:10     | Killed an unseen horror
 14963 | D:10     | Received a gift from Okawaru
 15369 | D:10     | Noticed Erica
 15398 | D:10     | Killed Erica
 15398 | D:10     | Reached skill level 15 in Shields
 15965 | D:10     | Noticed Josephine
 15977 | D:10     | Killed Josephine
 15977 | D:10     | Reached XP level 12. HP: 64/64 MP: 12/12
 16768 | D:11     | You fall into a shaft and drop 3 floors!
 16835 | D:13     | Noticed a tengu warrior
 16856 | D:13     | Killed a tengu warrior
 17002 | D:13     | Noticed a four-headed hydra
 17005 | D:13     | Noticed a two-headed ogre
 17015 | D:13     | Killed a four-headed hydra
 17309 | D:13     | Killed a two-headed ogre
 17309 | D:13     | Reached ****** piety under Okawaru
 17309 | D:13     | Received a gift from Okawaru
 17518 | D:13     | Noticed a two-headed ogre
 17553 | D:13     | Killed a two-headed ogre
 17553 | D:13     | Received a gift from Okawaru
 17558 | D:13     | Got a pair of buzzing boots {god gift}
 17564 | D:13     | Identified the +2 pair of boots "Saomov" {rC+} (Okawaru
                  | gifted it to you on level 13 of the Dungeon)
 17706 | D:13     | Noticed a sun demon
 18037 | D:14     | Killed from afar by a molten gargoyle

Illustrated notes

Levels and vault maps discovered:
D:1:      dpeg_arrival_water_temple_mockup, layout_basic, feat_on_display
D:2:      layout_basic, overflow_temple_1_default, serial_park_tiny_pond,
          uniq_crazy_yiuf_cottage
D:3:      layout_loops_corners, lemuel_round_altar, uniq_robin
D:4:      layout_rooms, grunt_temple_overflow_growth_and_decay,
          lemuel_round_altar, serial_shops, shop, shop, shop,
          cheibriados_altar_1
D:5:      kennysheep_six_static_rooms, layout_loops_ring, kennysheep_little_box,
          kennysheep_mini_moat, elyvilon_altar_3,
          nicolae_ossuary_entry_catacombs, serial_shops, shop, uniq_ijyb,
          uniq_sigmund
D:6:      layout_cave_pods, minmay_temple_entry_wispy, serial_shops, shop,
          basic_altar, gammafunk_ghost_nasty_kobolds, feat_on_display
D:7:      layout_rooms, marbit_many_paths, basic_altar,
          minmay_misc_feat_columns, uniq_prince_ribbit1
D:8:      layout_cave_pools, grunt_temple_overflow_order_and_chaos_1,
          hangedman_ru_absence
D:9:      kennysheep_kobold_camp, layout_long_grid,
          nemelex_xobeh_ov_fountains_minmay, nemelex_dance_club_becter
D:10:     layout_loops_ring, erik_lair_orcish_takeover, minivault_16,
          hangedman_misty_isle, uniq_erica, uniq_josephine
D:11:     layout_long_grid
D:13:     layout_loops_ring, david_vaults_4, uniq_urug
D:14:     layout_basic, serial_shops, nicolae_shop_statue_plus, minivault_8,
          uniq_nessos
Temple:   compressed_dpeg_triangle_lava_temple

Skill      XL: |  1  2  3  4  5  6  7  8  9 10 11 12 |
---------------+-------------------------------------+-----
Maces & Flails | 3 4 5 6 7 9 11 12 14 | 14.2
Shields        | 7 12 15 | 15.0
Fighting       | |  3.2
Armour         | |  3.2

Action                   |  1- 3 |  4- 6 |  7- 9 | 10-12 || total
-------------------------+-------+-------+-------+-------++-------
Melee: Flail             |   121 |    12 |       |       ||   133
       Mace              |       |    74 |       |       ||    74
       Whip              |       |   264 |   861 |  1014 ||  2139
       Morningstar       |       |       |       |   526 ||   526
Throw: Dart              |       |       |     1 |       ||     1
  Use: Scroll            |       |       |     6 |     3 ||     9
Armor: Scale mail        |    68 |   168 |   130 |       ||   366
       Chain mail        |       |       |   121 |   664 ||   785
Dodge: Dodged            |    45 |    78 |   117 |   233 ||   473
Block: Kite shield       |    64 |   176 |   199 |   696 ||  1135

Table legend: (Time is in decaauts)
 A = Elapsed time spent in this place.
 B = Non-inter-level travel time spent in this place.
 C = Inter-level travel time spent in this place.
 D = Time resting spent in this place.
 E = Time spent auto-exploring this place.
 F = Levels seen in this place.
 G = Mean time per level.
                   A        B        C        D        E       F      G
               +--------+--------+--------+--------+--------+-----+--------+
         Total |  17296 |  16752 |    544 |   4870 |   7628 |  14 | 1235.4 |
       Dungeon |  16617 |  16073 |    544 |   4511 |   7404 |  13 | 1278.2 |
        Temple |    679 |    679 |      0 |    359 |    224 |   1 |  679.0 |
               +--------+--------+--------+--------+--------+-----+--------+

Top non-repeatable levels by time:
     D:5: 2580 daAuts
    D:10: 2086 daAuts
     D:6: 1783 daAuts
     D:3: 1684 daAuts
     D:9: 1588 daAuts
     D:7: 1448 daAuts
     D:1: 1216 daAuts
     D:2: 978 daAuts
     D:4: 929 daAuts
     D:8: 771 daAuts
    D:13: 723 daAuts
  Temple: 679 daAuts
    D:14: 535 daAuts
    D:11: 290 daAuts
